 Dungeon Crawl Stone Soup version 0.17-a0-1910-g4c791fa (webtiles) character file.

8157 RustyToe the Grappler (level 11, -4/115 HPs)
             Began as a Troll Monk on Sept 25, 2015.
             Was a High Priest of Ru.
             Slain by a 13-headed hydra (8 damage)
             ... on level 11 of the Dungeon.
             The game lasted 00:53:38 (9497 turns).

RustyToe the Grappler (Troll Monk)                  Turns: 9497, Time: 00:53:38

Health: -4/115     AC: 14    Str: 23    XL:     11   Next: 6%
Magic:  11/11      EV: 14    Int:  6    God:    Ru [*****.]
Gold:   641        SH:  0    Dex: 13    Spells: 0 memorised, 12 levels left

rFire  . . .     SeeInvis .       - Unarmed
rCold  . . .     Clarity  .     Z - troll hide
rNeg   . . .     SustAt   .     (shield unavailable)
rPois  .         Gourm    +     T - +0 hat
rElec  .         Spirit   .     O - +0 cloak
rCorr  .         Warding  .     (gloves unavailable)
rMut   +         Stasis   .     (boots unavailable)
MR     .....                    c - amulet of resist mutation
Stlth  ..........               I - ring of Robustness {AC+8}
                                (ring unavailable)

@: about to teleport, not resistant to hostile enchantments, extremely
unstealthy
A: unfitting armour, claws 3, fast metabolism 3, gourmand, regeneration 2,
shaggy fur 1, tough skin 2, missing a hand, no stealth, hated by all,
inexperienced 1
a: Draw Out Power, Power Leap, Apocalypse, Renounce Religion


You were on level 11 of the Dungeon.
You worshipped Ru.
Ru was extremely pleased with you.
You were completely stuffed.

You visited 2 branches of the dungeon, and saw 12 of its levels.
You also visited: Ossuary.

You collected 641 gold pieces.

Inventory:

Missiles
 e - 3 throwing nets (quivered)
 K - 6 curare-tipped needles
Armour
 O - a +0 cloak (worn)
 T - a +0 hat (worn)
 Z - a troll hide (worn)
Rods
 R - a +1 iron rod (9/9)
   (You found it on level 10 of the Dungeon)
Jewellery
 c - an amulet of resist mutation (around neck)
 f - an uncursed ring of positive energy
 G - an uncursed ring of flight
 I - the ring of Robustness (right claw) {AC+8}
   (You found it on level 6 of the Dungeon)

   [ring of protection]

   It affects your AC (+8).
 J - an uncursed amulet of faith {unknown}
 L - an uncursed ring of protection from cold
Magical devices
 i - a wand of disintegration (6)
 w - a wand of fire (5)
 C - a wand of flame (23)
 D - a wand of lightning (4)
 H - a wand of flame (19)
 N - a wand of draining (3)
 Q - a wand of fireball (7)
Scrolls
 a - a scroll of identify
 g - 4 scrolls of fear
 j - 2 scrolls of magic mapping
 k - 5 scrolls of amnesia
 l - a scroll of noise {unknown}
 p - 3 scrolls of remove curse
 q - 2 scrolls of enchant weapon {unknown}
 t - 2 scrolls of enchant armour {unknown}
 y - 6 scrolls of teleportation
 B - 2 scrolls of immolation {unknown}
 F - 2 scrolls of blinking {unknown}
 P - a scroll of summoning {unknown}
 U - 2 scrolls of torment {unknown}
 Y - 2 scrolls of fog {unknown}
Potions
 h - 5 potions of haste
 m - a potion of might
 o - a potion of mutation {unknown}
 r - 2 potions of brilliance {unknown}
 s - 2 potions of berserk rage {unknown}
 x - 2 potions of agility {unknown}
 z - 10 potions of curing
 A - 4 potions of poison {unknown}
 E - 2 potions of magic {unknown}
 M - a potion of cure mutation {unknown}
 X - a potion of ambrosia
Books
 S - a book of Enchantments

   Spells                             Type                      Level
   a - Cause Fear                     Hexes                        4
   b - Silence                        Hexes/Air                    5
   c - Deflect Missiles               Charms/Air                   6
   d - Haste                          Charms                       6
   e - Discord                        Hexes                        8
Miscellaneous
 W - a plain deck of defence
Comestibles
 b - 7 bread rations
 d - 13 fruits
 n - 8 meat rations
 u - 7 beef jerkies
 v - a slice of pizza
 V - 9 chunks of flesh


   Skills:
 + Level 9.2 Fighting
 - Level 4.0 Throwing
 + Level 4.0 Armour
 + Level 8.5 Dodging
 + Level 10.4 Unarmed Combat
 - Level 1.2 Spellcasting
 - Level 1.7 Evocations


You had 12 spell levels left.
You didn't know any spells.

Dungeon Overview and Level Annotations

Branches:
Dungeon (11/15)            Temple (1/1) D:5            Lair (0/8) D:11
    Orc (0/4) D:11

Altars:
Ashenzari
Cheibriados
Dithmenos
Elyvilon
Fedhas
Gozag
Kikubaaqudgha
Makhleb
Nemelex Xobeh
Okawaru
Qazlal
Ru
Sif Muna
Trog
Vehumet
Xom
Yredelemnul
Zin
The Shining One


Innate Abilities, Weirdness & Mutations

You are too large for most types of armour.
You have claws for hands.
Your metabolism is lightning-fast.
You like to eat raw meat.
You heal very quickly.
You are covered in fur (AC +1).
You have very tough skin (AC +2).
You are missing a hand.
You cannot be stealthy.
You are hated by all.
You are somewhat inexperienced (-2 XL).


Message History

The 13-headed hydra is almost dead.
Evoking this partially-identified wand wasted a few charges.
You hear a horrible gurgling sound!
The 13-headed hydra misses you. The 13-headed hydra barely misses you.
The 13-headed hydra misses you. The 13-headed hydra bites you.
* * * LOW HITPOINT WARNING * * *
The 13-headed hydra barely misses you. The 13-headed hydra bites you!
* * * LOW HITPOINT WARNING * * *
You focus your will and blind the 13-headed hydra in retribution!
The 13-headed hydra barely misses you. x2
The 13-headed hydra misses you. The 13-headed hydra bites you!
* * * LOW HITPOINT WARNING * * *
The 13-headed hydra closely misses you. The 13-headed hydra bites you!
* * * LOW HITPOINT WARNING * * *
The 13-headed hydra barely misses you.
Read which item? (? for menu, Esc to quit)
As you read the scroll of teleportation, it crumbles to dust.
You feel strangely unstable. The 13-headed hydra misses you.
The 13-headed hydra bites you!
You die...

####### ##+##### ....>.# #......#
......# #......# ######+##
......# #......# #.......#
......# #......# #.......#
......####......#### #.......###
.....>#..+......@D.# #.......'..
........##......##....+.......##.
......####......# #####.......###
.†....# #..[...# #.......#
###.### ##'##### #.......# ....#
#.# ###.##### ##### #.###
####...#### ....# #...#
#.........# ....#
####'########.###.###.#


You could see a 13-headed hydra (blind).

Vanquished Creatures
  Erica (D:8)
  The ghost of altaj the Changer, an experienced DrTm of Gozag (D:10)
  A hill giant (D:11)
  The ghost of Duffy the Carver, an experienced VSFi of the Shining One (D:7)
  An ugly thing (D:11)
  A centaur zombie (D:10)
  An elephant (D:11)
  Maurice (D:8)
  2 trolls (D:11)
  A queen bee (D:8)
  Prince Ribbit (D:7)
  A yak (D:11)
  A shadow (D:11)
  Sigmund (D:2)
  3 wolves (D:8)
  Grum (D:8)
  2 hippogriffs (D:9)
  The ghost of Uberwunderbarhen the Ducker, an average OpFi (D:3)
  A water moccasin (D:7)
  2 orc warriors
  2 black bears
  2 sky beasts
  4 ogres
  3 centaurs
  2 crocodiles
  An ice beast (D:10)
  3 phantoms
  3 big kobolds
  Blork the orc (D:5)
  5 giant frogs
  An elf zombie (Ossuary)
  A gnoll sergeant (D:5)
  A water moccasin zombie (D:8)
  10 killer bees
  2 scorpions
  5 wights (D:10)
  2 giant frog zombies
  9 orc wizards
  6 crimson imps
  9 hounds
  2 quasits
  3 giant frog skeletons
  3 centaur skeletons
  6 iguanas
  2 jellies
  5 orc priests
  12 worker ants
  2 sheep (D:11)
  2 hound zombies
  4 mummies (Ossuary)
  A worker ant zombie (D:10)
  17 gnolls
  18 adders
  3 shadow imps
  2 oozes
  An adder skeleton (D:7)
  3 worms (D:2)
  8 giant geckos
  37 orcs
  A ball python (D:1)
  7 bats
  6 giant cockroaches
  7 goblins
  6 hobgoblins
  14 jackals
  21 kobolds
  4 quokkas
  A giant gecko skeleton (D:8)
  11 giant newts
  2 hobgoblin zombies (Ossuary)
  3 jackal zombies (Ossuary)
  2 kobold zombies (Ossuary)
  3 orc zombies (Ossuary)
  A rat (D:2)
317 creatures vanquished.

Vanquished Creatures (others)
  Gastronok (D:9)
  A kobold (D:7)
  A fungus (D:11)
  6 plants (D:8)
9 creatures vanquished.

Grand Total: 326 creatures vanquished

Notes
Turn   | Place    | Note
--------------------------------------------------------------
     0 | D:1      | RustyToe the Troll Monk began the quest for the Orb.
     0 | D:1      | Reached XP level 1. HP: 22/22 MP: 0/0
   142 | D:1      | Reached XP level 2. HP: 29/29 MP: 1/1
   932 | D:2      | Reached skill level 5 in Unarmed Combat
   935 | D:2      | Reached XP level 3. HP: 34/36 MP: 2/2
  1092 | D:2      | Reached XP level 4. HP: 40/44 MP: 3/3
  1145 | D:2      | Reached skill level 1 in Throwing
  1168 | D:2      | Found a glowing golden altar of the Shining One.
  1179 | D:2      | Found a glowing silver altar of Zin.
  1251 | D:2      | Reached skill level 1 in Armour
  1331 | D:2      | Noticed Sigmund
  1342 | D:2      | Killed Sigmund
  1342 | D:2      | Reached XP level 5. HP: 44/53 MP: 4/4
  1342 | D:2      | Reached XP level 6. HP: 50/61 MP: 5/5
  1452 | D:2      | Found a burning altar of Makhleb.
  1520 | D:2      | Found a burning altar of Makhleb.
  1642 | D:3      | Noticed Uberwunderbarhen's ghost (average OpFi)
  1659 | D:3      | Killed Uberwunderbarhen's ghost
  2050 | D:3      | Reached XP level 7. HP: 68/68 MP: 6/6
  2310 | D:3      | Reached skill level 6 in Unarmed Combat
  2566 | D:4      | Found a sand-covered staircase.
  2570 | Ossuary  | Entered an ossuary
  3006 | D:4      | Found a white marble altar of Elyvilon.
  3082 | D:4      | Found a sacrificial altar of Ru.
  3113 | D:4      | Became a worshipper of Ru the Awakened
  3138 | D:4      | Gained mutation: You cannot be stealthy. [Ru sacrifice]
  3330 | D:5      | Entered Level 5 of the Dungeon
  3330 | D:5      | Found a blossoming altar of Fedhas.
  3359 | D:5      | Noticed Blork the orc
  3373 | D:5      | Killed Blork the orc
  3502 | D:5      | Found a staircase to the Ecumenical Temple.
  3516 | D:5      | Reached skill level 5 in Fighting
  3532 | Temple   | Entered the Ecumenical Temple
  3868 | D:5      | Reached XP level 8. HP: 73/80 MP: 7/7
  4050 | D:5      | Reached skill level 1 in Evocations
  4316 | D:5      | Reached skill level 7 in Unarmed Combat
  4484 | D:6      | Reached skill level 5 in Dodging
  4599 | D:6      | Found a shattered altar of Ashenzari.
  5135 | D:7      | Gained mutation: You are missing a hand. [Ru sacrifice]
  5135 | D:7      | Acquired Ru's first power
  5135 | D:7      | Acquired Ru's second power
  5135 | D:7      | Acquired Ru's third power
  5176 | D:7      | Reached XP level 9. HP: 89/89 MP: 8/8
  5867 | D:7      | Noticed Duffy's ghost (experienced VSFi)
  5886 | D:7      | Killed Duffy's ghost
  5886 | D:7      | Reached skill level 8 in Unarmed Combat
  5917 | D:7      | Noticed Prince Ribbit
  5928 | D:7      | Killed Prince Ribbit
  6140 | D:8      | Noticed Maurice
  6154 | D:8      | Killed Maurice
  6236 | D:8      | Reached XP level 10. HP: 95/102 MP: 9/9
  6268 | D:8      | Noticed Grum
  6279 | D:8      | Killed Grum
  6374 | D:8      | Reached skill level 1 in Spellcasting
  6602 | D:8      | Reached skill level 9 in Unarmed Combat
  6746 | D:8      | Noticed Erica
  6769 | D:8      | Killed Erica
  6779 | D:8      | Gained mutation: You are somewhat inexperienced (-2 XL). [Ru sacrifice]
  6779 | D:8      | Reached XP level 9. HP: 37/96 MP: 9/9
  6779 | D:8      | Reached XP level 8. HP: 37/88 MP: 8/8
  6779 | D:8      | Acquired Ru's fourth power
  6779 | D:8      | Acquired Ru's fifth power
  7237 | D:9      | Reached XP level 9. HP: 96/96 MP: 9/9
  7247 | D:9      | Noticed Gastronok
  7272 | D:9      | Killed Gastronok
  7563 | D:9      | Found a sparkling altar of Nemelex Xobeh.
  7563 | D:9      | Found an opulent altar of Gozag.
  7957 | D:10     | Entered Level 10 of the Dungeon
  8077 | D:10     | Reached XP level 10. HP: 99/106 MP: 10/10
  8143 | D:10     | Noticed altaj's ghost (experienced DrTm)
  8176 | D:10     | Killed altaj's ghost
  8534 | D:10     | Gained mutation: You are hated by all. [Ru sacrifice]
  8717 | D:10     | Noticed a centaur zombie
  8726 | D:10     | Killed a centaur zombie
  8780 | D:10     | Reached skill level 10 in Unarmed Combat
  9054 | D:11     | Noticed a brown ugly thing
  9066 | D:11     | Killed a brown ugly thing
  9332 | D:11     | Noticed a hill giant
  9352 | D:11     | Killed a hill giant
  9364 | D:11     | Found a staircase to the Orcish Mines.
  9370 | D:11     | Found a staircase to the Lair.
  9431 | D:11     | Noticed an elephant
  9444 | D:11     | Killed an elephant
  9444 | D:11     | Reached XP level 11. HP: 102/115 MP: 11/11
  9486 | D:11     | Noticed a seven-headed hydra
  9496 | D:11     | HP: 3/115 [13-headed hydra (8)]
  9497 | D:11     | Slain by a 13-headed hydra

Vault maps used:
D:1:      elethiomel_arrival_quiet, minmay_lizard_king
D:2:      lemuel_coloured_pillars_altar, grunt_temple_overflow_open,
          makhleb_heckhound_becter, uniq_sigmund
D:3:      first_bread, hangedman_decor_growths
D:4:      lemuel_round_altar, enter_ossuary_5,
          nicolae_ru_great_annihilating_truth
D:5:      minmay_temple_entry_trees, fedhas_altar_3, uniq_blork_the_orc
D:6:      kennysheep_little_box
D:7:      uniq_prince_ribbit1
D:8:      grunt_ogre_cave, nicolae_looking_at_the_future, uniq_maurice,
          uniq_grum, uniq_erica
D:9:      grunt_temple_overflow_opulence, uniq_gastronok
D:11:     david_lair_generic, orc_0_dummy
Temple:   circular_temple_12
Ossuary:  ossuary_minmay_tomb_2a

Action                   |  1- 3 |  4- 6 |  7- 9 | 10-12 || total
-------------------------+-------+-------+-------+-------++-------
Melee: Unarmed           |    70 |   114 |   571 |   320 ||  1075
Invok: Sacrifice Stealth |       |       |     1 |       ||     1
       Sacrifice a Hand  |       |       |     1 |       ||     1
       Sacrifice Experie |       |       |     1 |       ||     1
       Sacrifice Love    |       |       |       |     1 ||     1
Evoke: Wand              |       |       |       |     1 ||     1
  Use: Scroll            |       |     2 |     7 |     3 ||    12
       Potion            |       |     1 |     2 |     1 ||     4
 Stab: Sleeping          |     1 |       |     1 |       ||     2
       Paralysed         |       |       |     1 |     3 ||     4
       Invisible         |       |       |       |     7 ||     7
       Distracted        |       |       |       |     1 ||     1
  Eat: Chunk             |    10 |    13 |    47 |    21 ||    91
       Fruit             |       |       |     2 |       ||     2
